 Dungeon Crawl Stone Soup version 0.31-a0-851-g7ff8af7976 (webtiles) character file.

Game seed: 9559338402204077990

346 croobank the Covert (level 6, -2/53 HPs)
             Began as a Gnoll Delver on Oct 5, 2023.
             Slain by a sky beast (6 damage)
             ... on level 7 of the Dungeon.
             The game lasted 00:09:47 (866 turns).

croobank the Covert (Gnoll Delver)                   Turns: 866, Time: 00:09:48

Health: -2/53      AC:  3    Str: 11    XL:     6   Next: 59%
Magic:  9/9        EV: 13    Int: 12    God:
Gold:   45         SH:  0    Dex: 13    Spells: 9/9 levels left

rFire   . . .        a - +0 short sword
rCold   . . .        (no shield)
rNeg    . . .        b - +0 leather armour
rPois   .            (no helmet)
rElec   .            (no cloak)
rCorr   .            (no gloves)
SInv    .            (no boots)
Will    .....        (no amulet)
Stlth   ++++         (no ring)
HPRegen 0.28/turn    (no ring)
MPRegen 0.11/turn

%: no passive effects
@: no status effects
A: fangs 1, strong nose, distributed training
a: no special abilities


You were on level 7 of the Dungeon.
You visited 1 branch of the dungeon, and saw 3 of its levels.

You collected 45 gold pieces.

Inventory:

Hand Weapons
 a - a +0 short sword (weapon)
Armour
 b - a +0 leather armour (worn)
Talismans
 e - a maw talisman
Wands
 c - a wand of flame (14) (quivered)
 g - a wand of digging (2)
Scrolls
 d - a scroll of revelation


   Skills:
 + Level 6.9 Fighting
 + Level 5.0 Short Blades
 + Level 2.1 Long Blades
 + Level 2.1 Axes
 + Level 2.1 Maces & Flails
 + Level 2.1 Polearms
 + Level 2.1 Staves
 + Level 2.1 Ranged Weapons
 + Level 2.1 Throwing
 + Level 2.1 Armour
 + Level 5.0 Dodging
 + Level 9.8 Stealth
 + Level 2.1 Shields
 + Level 2.1 Unarmed Combat
 + Level 2.1 Spellcasting
 + Level 1.6 Conjurations
 + Level 1.6 Hexes
 + Level 1.6 Summonings
 + Level 1.6 Necromancy
 + Level 1.6 Translocations
 + Level 1.6 Transmutations
 + Level 1.6 Fire Magic
 + Level 1.6 Ice Magic
 + Level 1.6 Air Magic
 + Level 1.6 Earth Magic
 + Level 1.6 Poison Magic
 + Level 2.3 Invocations
 + Level 2.1 Evocations
 + Level 1.9 Shapeshifting


You had 9 spell levels left.
You didn't know any spells.
Your spell library contained the following spells:

 Spells                   Type           Power      Damage    Failure   Level
 Alistair's Intoxication  Tmut/Pois      3%         N/A       99%         5
 Borgnjor's Vile Clutch   Necr/Erth      2%         N/A       99%         5
 Eringya's Noxious Bog    Tmut/Pois      2%         4d6       100%        6


Dungeon Overview and Level Annotations

Branches:
Dungeon (7/15)
 Temple: D:4-7

Altars:

Annotations:
D:6 Dowan, Duvessa
D:7 Joseph


Innate Abilities, Weirdness & Mutations

You have very sharp teeth.
Your uncanny sense of smell can sniff out nearby items.
Your experience applies equally to all skills.


Message History

Press: ? - help, Shift-Dir - straight line, f/p - Joseph
Aim: Joseph, wielding a +0 sling and wearing a +0 ring mail (lightly wounded, 75% to hit)
The puff of flame hits the sky beast!
The sky beast is moderately wounded.
Joseph shoots a sling bullet.
The sling bullet hits you!
* * * LOW HITPOINT WARNING * * *
You aren't carrying any potions.
Unknown command.
Saving game... please wait.
Level annotation: Joseph Welcome back, croobank the Gnoll Delver.
Press ? for a list of commands and other information.
Aiming: Dig
Press: ? - help, Shift-Dir - straight line You can't see that place.
The rock shatters into small pieces.
Aiming: Throw Flame
Press: ? - help, Shift-Dir - straight line, f - sky beast
Aim: a sky beast (moderately wounded, 60% to hit)
The puff of flame hits the sky beast.
The sky beast is moderately wounded.
The sky beast misses you.
Aiming: Throw Flame
Press: ? - help, Shift-Dir - straight line, f/p - sky beast
Aim: a sky beast (moderately wounded, 60% to hit)
The puff of flame hits the sky beast.
The sky beast is heavily wounded.
The sky beast hits you.
* * * LOW HITPOINT WARNING * * *
The sky beast shocks you.
* * * LOW HITPOINT WARNING * * *
Aiming: Throw Flame
Press: ? - help, Shift-Dir - straight line, f - Joseph, p - sky beast
Aim: Joseph, wielding a +0 sling and wearing a +0 ring mail (lightly wounded, 75% to hit)
The puff of flame hits the sky beast!
The sky beast is severely wounded.
The sky beast hits you.
* * * LOW HITPOINT WARNING * * *
The sky beast shocks you.
You die...

....... ... ........
.........### ........
...$.......## #.....#
.............
#.....###..........
#.....##..........
#..........##...###
#.....@...# ##Y...##
#.....Y..## #......#
#......##.###..#..)..#
#......###.##..####....
#.....@#####.#..# #..
#...............## #
#................##
...........@......)##
....############.....###


You could see Joseph and a sky beast.

Vanquished Creatures
  A bullfrog (D:7)
  A scorpion (D:7)
  4 electric eels (D:6)
  A hound (D:5)
  An orc priest (D:6)
  An orc (D:7)
  A quokka (D:5)
10 creatures vanquished.

Notes
Turn   | Place    | Note
-------+----------+-------------------------------------------
     0 | D:5      | Reached skill level 9 in Stealth
     0 | D:5      | croobank the Gnoll Delver began the quest for the Orb.
     0 | D:5      | Reached XP level 1. HP: 23/23 MP: 1/1
     1 | D:6      | Noticed a two-headed ogre
     1 | D:6      | Noticed a bullfrog
     1 | D:6      | Noticed a gnoll sergeant
    15 | D:5      | Noticed a hound
    39 | D:5      | Killed a hound
    40 | D:5      | Reached XP level 2. HP: 11/29 MP: 1/3
    40 | D:5      | Reached XP level 3. HP: 14/35 MP: 1/4
   155 | D:5      | Noticed Duvessa
   156 | D:5      | Noticed Dowan
   166 | D:6      | Reached skill level 1 in Long Blades
   166 | D:6      | Reached skill level 1 in Axes
   166 | D:6      | Reached skill level 1 in Maces & Flails
   166 | D:6      | Reached skill level 1 in Polearms
   166 | D:6      | Reached skill level 1 in Staves
   166 | D:6      | Reached skill level 1 in Ranged Weapons
   166 | D:6      | Reached skill level 1 in Throwing
   166 | D:6      | Reached skill level 1 in Armour
   166 | D:6      | Reached skill level 1 in Shields
   166 | D:6      | Reached skill level 1 in Unarmed Combat
   166 | D:6      | Reached skill level 1 in Spellcasting
   166 | D:6      | Reached skill level 1 in Invocations
   166 | D:6      | Reached skill level 1 in Evocations
   166 | D:6      | Reached skill level 1 in Shapeshifting
   166 | D:6      | Reached XP level 4. HP: 35/41 MP: 5/5
   173 | D:6      | Noticed a phantom
   198 | D:6      | Found a transporter.
   342 | D:6      | Reached skill level 1 in Conjurations
   342 | D:6      | Reached skill level 1 in Hexes
   342 | D:6      | Reached skill level 1 in Summonings
   342 | D:6      | Reached skill level 1 in Necromancy
   342 | D:6      | Reached skill level 1 in Translocations
   342 | D:6      | Reached skill level 1 in Transmutations
   342 | D:6      | Reached skill level 1 in Fire Magic
   342 | D:6      | Reached skill level 1 in Ice Magic
   342 | D:6      | Reached skill level 1 in Air Magic
   342 | D:6      | Reached skill level 1 in Earth Magic
   342 | D:6      | Reached skill level 1 in Poison Magic
   342 | D:6      | Reached XP level 5. HP: 19/47 MP: 5/7
   569 | D:6      | Found a transporter.
   600 | D:7      | Reached skill level 5 in Short Blades
   600 | D:7      | Reached skill level 5 in Dodging
   600 | D:7      | Reached XP level 6. HP: 25/53 MP: 8/8
   840 | D:7      | Noticed Joseph
   841 | D:7      | Noticed a sky beast
   866 | D:7      | Slain by a sky beast

Illustrated notes

Levels and vault maps discovered:
D:5:      layout_gridville, minmay_ruined_shrine, uniq_grinder, uniq_duvessa
D:6:      gammafunk_steamed_eel, layout_cave_pools,
          nicolae_ru_the_path_less_chosen, nicolae_ossuary_entry_ruins,
          kennysheep_big_empty_room, dk_vineyard_3, minmay_misc_feat_plants
D:7:      layout_layer_cave, uniq_prince_ribbit1, uniq_menkaure, uniq_joseph

Skill      XL: |  1  2  3  4  5  6 |
---------------+-------------------+-----
Stealth        | |  9.8
Long Blades    | 1 2 |  2.1
Axes           | 1 2 |  2.1
Maces & Flails | 1 2 |  2.1
Polearms       | 1 2 |  2.1
Staves         | 1 2 |  2.1
Ranged Weapons | 1 2 |  2.1
Throwing       | 1 2 |  2.1
Armour         | 1 2 |  2.1
Shields        | 1 2 |  2.1
Unarmed Combat | 1 2 |  2.1
Spellcasting   | 1 2 |  2.1
Invocations    | 1 2 |  2.3
Evocations     | 1 2 |  2.1
Shapeshifting  | 1 |  1.9
Conjurations   | 1 |  1.6
Hexes          | 1 |  1.6
Summonings     | 1 |  1.6
Necromancy     | 1 |  1.6
Translocations | 1 |  1.6
Transmutations | 1 |  1.6
Fire Magic     | 1 |  1.6
Ice Magic      | 1 |  1.6
Air Magic      | 1 |  1.6
Earth Magic    | 1 |  1.6
Poison Magic   | 1 |  1.6
Short Blades   | 5 |  5.0
Dodging        | 5 |  5.0
Fighting       | |  6.9

Action                     |  1- 3 |  4- 6 || total
---------------------------+-------+-------++-------
  Melee: Short sword       |    21 |    29 ||    50
         Bite              |     2 |     4 ||     6
  Evoke: Wand              |       |    13 ||    13
    Use: Scroll            |     1 |     2 ||     3
         Potion            |     1 |       ||     1
   Stab: Sleeping          |     2 |     1 ||     3
 Armour: Leather armour    |    14 |    32 ||    46
  Dodge: Dodged            |    11 |    39 ||    50

Table legend: (Time is in decaauts)
 A = Elapsed time spent in this place.
 B = Non-inter-level travel time spent in this place.
 C = Inter-level travel time spent in this place.
 D = Time resting spent in this place.
 E = Time spent auto-exploring this place.
 F = Levels seen in this place.
 G = Mean time per level.
                   A        B        C        D        E       F      G
               +--------+--------+--------+--------+--------+-----+--------+
         Total |    845 |    845 |      0 |    291 |     86 |   3 |  281.7 |
       Dungeon |    845 |    845 |      0 |    291 |     86 |   3 |  281.7 |
               +--------+--------+--------+--------+--------+-----+--------+

Top non-repeatable levels by time:
     D:6: 411 daAuts
     D:7: 276 daAuts
     D:5: 156 daAuts
